 Dungeon Crawl Stone Soup version 0.32-a0-933-ga8fa3634e4 (webtiles) character file.

Game seed: 2378379898154749211

149 crux the Ruffian (level 5, -5/33 HPs)
             Began as an Octopode Shapeshifter on Apr 15, 2024.
             Killed by divine providence
             ... invoked by an orc priest
              (17 damage)
             ... on level 3 of the Dungeon.
             The game lasted 00:07:22 (1849 turns).

crux the Ruffian (Octopode Shapeshifter)            Turns: 1849, Time: 00:07:23

Health: -5/33      AC:  1    Str: 14    XL:     5   Next: 31%
Magic:  5/5        EV: 12    Int: 14    God:
Gold:   141        SH:  0    Dex: 11    Spells: 4/4 levels left

rFire   . .          .
                       - Unarmed
rCold   . . .        (no shield)
rNeg    . . .        (helmet currently unavailable)
rPois   .            (no amulet)
rElec   .            l - ring of wizardry
rCorr   .            (no ring)
SInv    .            (no ring)
Will    .....        (no ring)
Stlth   +++          (no ring)
HPRegen 0.25/turn    (no ring)
MPRegen 0.09/turn    (no ring)
                     (no ring)

%: wizardry (x1)
@: lethally poisoned (-5 -> -8), beast-form
A: beast (slay +2), almost no armour, amphibious, 8 rings, camouflage 1,
gelatinous body 1, (nimble swimmer 1), tentacles
a: Begin Untransformation, Convert to Beogh


You were on level 3 of the Dungeon.
You were a hulking beast.
You visited 1 branch of the dungeon, and saw 3 of its levels.

You collected 141 gold pieces.

Inventory:

Jewellery
 l - a ring of wizardry (left tentacle)
Talismans
 b - a beast talisman (active)
 c - a flux talisman
Scrolls
 d - 2 scrolls of identify {unknown}
 g - 2 scrolls of poison {unknown}
 i - a scroll of enchant weapon {unknown}
 j - 2 scrolls of teleportation {unknown}
Potions
 a - a potion of lignification
 e - 2 potions of degeneration {unknown}
 f - a potion of mutation {unknown}
 h - a potion of berserk rage {unknown}
 k - a potion of heal wounds {unknown}


   Skills:
 + Level 1.2 Fighting
 + Level 2.6 Dodging
 + Level 3.7 Stealth
 + Level 4.1 Unarmed Combat
 + Level 3.5 Shapeshifting


You had 4 spell levels left.
You didn't know any spells.
Your spell library contained the following spells:

 Spells                   Type           Power      Damage    Failure   Level
 Slow                     Hex            0%         N/A       12%         1
 Confusing Touch          Hex            0%         N/A       32%         3
 Vampiric Draining        Necr           0%         2d6       32%         3
 Leda's Liquefaction      Alch/Erth      0%         N/A       71%         4
 Lee's Rapid Deconstruct  Erth           0%         3d4*      95%         5
 Permafrost Eruption      Ice/Erth       0%         2x4d1     100%        6


Dungeon Overview and Level Annotations

Branches:
Dungeon (3/15)

Altars:

Shops:
D:1 [


Innate Abilities, Weirdness & Mutations

You are a hulking beast.
Your limbs bulge with bestial killing power. (Slay +2)
You cannot wear most types of armour.
You are amphibious.
You can wear up to eight rings at the same time.
Your skin changes colour to match your surroundings (Stealth+).
Your rubbery body absorbs attacks. (AC +1, EV +1)
((You are camouflaged when in or above water. (Stealth+)))
You have tentacles for arms and can constrict up to eight enemies at once.


Message History

Beogh smites you!
Your Unarmed Combat skill increases to level 4!
You tentacle-slap the orc. You grab the orc.
You squeeze the orc, but do no damage.
The orc is severely wounded.
You constrict the orc.
You kill the orc!
The orc priest miscasts a cantrip.
The orc wizard gestures wildly while chanting.
The orc wizard flickers and vanishes!
Deactivating autopickup; reactivate with Ctrl-A.
Items here: $ ) [ †.
You bludgeon something! Something hits you.
You tentacle-slap something. You tentacle-slap something. Something hits you.
You are poisoned.
The orc priest shouts, "Surrender to Beogh and we'll let you live!" (press Y on the ability menu to convert to Beogh)
You tentacle-slap something.
Reactivating autopickup.
You feel a bit more experienced.
You feel very sick.
You bludgeon the orc!
You kill the orc!
You feel sick.
Press: ? - help, v - describe, . - travel
Here: an orc priest, wielding a +0 hand axe The floor.
Unknown command.
You feel sick.
The orc priest invokes the aid of Beogh against you.
You barely resist.
You feel sick.
The orc priest invokes the aid of Beogh against you.
You barely resist.
You feel sick.
The orc priest calls down the wrath of Beogh upon you.
Beogh smites you!
Ouch! That really hurt!
You die...

###################
......oh$.).......####
....#####............#
# #########.##.###
#....... #..#.###
#..#.# ##. #..#.# ...#
#....# #..# .....#


You could see an orc priest.

Vanquished Creatures
  An orc wizard (D:3)
  4 gnolls (D:2)
  2 adders (D:2)
  A ribbon worm (D:2)
  4 dart slugs
  3 orcs (D:3)
  6 bats
  3 endoplasms
  3 giant cockroaches
  6 hobgoblins
  3 quokkas
  7 ball pythons
  7 frilled lizards
  9 rats
59 creatures vanquished.

Notes
Turn   | Place    | Note
-------+----------+-------------------------------------------
     0 | D:1      | crux the Octopode Shapeshifter began the quest for the Orb.
     0 | D:1      | Reached XP level 1. HP: 13/13 MP: 1/1
    49 | D:1      | Found Joppeec's Armour Boutique.
   112 | D:1      | Reached XP level 2. HP: 18/18 MP: 2/2
   188 | D:1      | Found a faded altar of an unknown god.
   532 | D:1      | Reached skill level 1 in Stealth
   532 | D:1      | Reached XP level 3. HP: 21/23 MP: 3/3
  1042 | D:2      | Reached XP level 4. HP: 28/28 MP: 4/4
  1535 | D:2      | Reached XP level 5. HP: 33/33 MP: 5/5
  1837 | D:3      | Reached skill level 4 in Unarmed Combat
  1849 | D:3      | Killed from afar by an orc priest

Illustrated notes

Levels and vault maps discovered:
D:1:      nicolae_arrival_washed_ashore, layout_basic, serial_shops, shop,
          ebering_ecumenical_altar_sacrificial
D:2:      layout_basic
D:3:      layout_loops_ring

Skill      XL: |  1  2  3  4  5 |
---------------+----------------+-----
Stealth        | 1 2 3 |  3.7
Unarmed Combat | 4 |  4.1
Fighting       | |  1.2
Dodging        | |  2.6
Shapeshifting  | |  3.5

Action                     |  1- 3 |  4- 6 || total
---------------------------+-------+-------++-------
  Melee: Unarmed           |    62 |    33 ||    95
         Tentacles         |    13 |     6 ||    19
         Constrict         |    21 |    12 ||    33
         Punch             |     4 |     1 ||     5
   Stab: Sleeping          |    12 |     5 ||    17
 Armour: Skin              |    24 |    11 ||    35
  Dodge: Dodged            |    22 |     8 ||    30

Table legend: (Time is in decaauts)
 A = Elapsed time spent in this place.
 B = Non-inter-level travel time spent in this place.
 C = Inter-level travel time spent in this place.
 D = Time resting spent in this place.
 E = Time spent auto-exploring this place.
 F = Levels seen in this place.
 G = Mean time per level.
                   A        B        C        D        E       F      G
               +--------+--------+--------+--------+--------+-----+--------+
         Total |   1840 |   1794 |     46 |      0 |   1342 |   3 |  613.3 |
       Dungeon |   1840 |   1794 |     46 |      0 |   1342 |   3 |  613.3 |
               +--------+--------+--------+--------+--------+-----+--------+

Top non-repeatable levels by time:
     D:1: 801 daAuts
     D:2: 782 daAuts
     D:3: 256 daAuts
